Map: Catalyst LE

Players

Blast - Winner!

  • Race: Zerg Zerg
  • Spawn Location: 5:00

Miharu

  • Race: Zerg Zerg
  • Spawn Location: 11:00

Event: WCS Austin 2018

VOD

Have the link to the VOD?

Description

Time

  • Played on: June 1, 2018, 3:07 p.m.
  • Length: 8:43

All games in this series

Show
View Real Time Build Order
Export as new Build Order

Blast Zerg - Winner!

Build Orders: Hatch First, Zergling Baneling 

Get SALT Encoding   

  12  0:01  Drone  
  13  0:13  Overlord  
  13  0:17  Drone  
  14  0:32  Drone x2  
  16  0:35  Drone  
  17  0:53  Hatchery  
  16  0:57  Drone  
  16  0:58  Extractor  
  16  1:01  Drone  
  17  1:17  Spawning Pool  
  16  1:18  Drone  
  16  1:22  Drone  
  18  1:30  Drone  
  19  1:43  Overlord  
  19  2:04  Queen, Metabolic Boost  
  19  2:07  Queen  
  23  2:09  Zergling x4  
  25  2:18  Baneling Nest  
  24  2:24  Drone x2  
  26  2:33  Zergling x2  
  27  2:37  Drone  
  28  2:47  Drone x2  
  30  3:02  Baneling x2  
  30  3:03  Extractor  
  29  3:08  Overlord, Drone x3  
  33  3:21  Hatchery  
  33  3:26  Zergling x6  
  36  3:27  Zergling x2  
  36  3:30  Zergling x4  
  38  3:43  Zergling x2  
  38  3:44  Zergling x8  
  43  3:50  Baneling x2  
  43  3:53  Baneling x3  
  43  3:54  Baneling x3  
  37  4:19  Baneling x2  
  37  4:24  Drone x7  
  39  4:25  Drone  
  44  4:35  Overlord x3  
  43  4:47  Extractor  
  43  4:48  Roach Warren  
  43  4:49  Extractor  
  43  4:51  Evolution Chamber  
  38  4:55  Drone x6  
  38  4:56  Drone  
  45  5:05  Drone x4  
  49  5:12  Overlord  
  49  5:14  Drone x2  
  51  5:23  Zergling x8  
  54  5:34  Lair  
  54  5:37  Drone  
  54  5:38  Drone x4  
  54  5:39  Drone  
  60  5:45  Zerg Missile Weapons Level 1  
  57  5:59  Baneling  
  57  6:02  Queen  
  57  6:06  Overlord x2  
  57  6:07  Roach x2  
  57  6:08  Roach x3  
  57  6:09  Roach  
  69  6:14  Roach x2  
  73  6:22  Overlord x3  
  70  6:33  Roach x4  
  70  6:34  Roach x2  
  70  6:36  Glial Reconstitution  
  70  6:38  Drone  
  83  6:41  Drone  
  83  6:42  Drone  
  83  6:45  Drone x2  
  87  6:51  Roach  
  89  6:56  Roach x4  
  89  6:58  Roach  
  99  7:02  Roach  
  101  7:09  Roach x5  
  101  7:14  Roach  
  113  7:20  Overlord x3  
  113  7:21  Drone  
  114  7:40  Zergling x20  
  114  7:43  Ravager  
  114  7:44  Ravager x4  
  127  7:57  Roach  
  125  7:59  Ravager  
  125  8:01  Roach x3  
  125  8:03  Zergling x8  
  136  8:06  Zergling x4  
  136  8:11  Extractor  
  137  8:12  Extractor  
  137  8:19  Roach  
  125  8:20  Roach x5  
Show
View Real Time Build Order
Export as new Build Order

Miharu Zerg 

Build Orders: Hatch First, Zergling Baneling 

Get SALT Encoding   

  12  0:01  Drone  
  13  0:12  Overlord  
  13  0:18  Drone  
  14  0:30  Drone  
  14  0:31  Drone  
  14  0:35  Drone  
  17  0:53  Hatchery  
  16  0:57  Drone  
  16  0:59  Drone  
  18  1:12  Extractor  
  18  1:15  Spawning Pool  
  18  1:18  Drone  
  17  1:20  Drone  
  18  1:28  Drone  
  19  1:38  Overlord  
  19  1:50  Drone  
  20  2:02  Queen, Zergling x2  
  20  2:05  Queen  
  20  2:07  Drone  
  26  2:12  Drone  
  26  2:14  Metabolic Boost  
  27  2:17  Drone  
  27  2:22  Drone  
  29  2:27  Drone  
  30  2:36  Baneling Nest  
  29  2:37  Overlord  
  29  2:41  Zergling x2  
  29  2:44  Drone  
  31  2:49  Drone  
  32  2:59  Drone  
  32  3:02  Zergling x2  
  32  3:04  Zergling x2  
  35  3:07  Queen  
  35  3:08  Queen  
  39  3:13  Zergling x2  
  40  3:20  Zergling x6  
  40  3:21  Zergling x2  
  40  3:26  Zergling x2  
  44  3:27  Baneling  
  44  3:28  Baneling  
  44  3:30  Overlord  
  44  3:37  Overlord  
  44  3:45  Baneling x3  
  44  3:55  Queen  
  44  3:56  Zergling x2  
  44  3:57  Overlord  
  41  4:06  Zergling x4  
  41  4:24  Zergling x6  
  41  4:25  Zergling x12  
  41  4:30  Baneling x3  
  41  4:31  Queen  
  50  4:34  Drone  
  50  4:35  Drone x3  
  56  4:40  Roach Warren  
  55  4:46  Zergling x4  
  55  4:51  Evolution Chamber  
  56  4:54  Drone, Baneling x3  
  56  4:55  Drone x3  
  60  5:04  Overlord x2  
  60  5:08  Extractor  
  60  5:09  Extractor  
  60  5:10  Drone  
  60  5:11  Baneling x2  
  60  5:12  Baneling x3  
  59  5:17  Drone  
  60  5:21  Overlord  
  53  5:34  Zerg Missile Weapons Level 1  
  53  5:35  Drone x4  
  56  5:37  Drone  
  56  5:39  Queen  
  56  5:41  Drone  
  61  5:45  Drone  
  61  5:46  Drone  
  61  5:59  Drone x4  
  61  6:00  Drone  
  61  6:03  Roach  
  67  6:12  Roach  
  67  6:16  Roach  
  67  6:17  Roach  
  72  6:32  Roach x2  
  77  6:33  Roach x3  
  81  6:40  Roach  
  81  6:42  Overlord x2  
  81  6:44  Hatchery  
  82  6:47  Roach  
  84  6:55  Overlord x3  
  84  7:01  Roach x3  
  90  7:02  Roach  
  90  7:05  Roach  
  90  7:07  Roach  
  96  7:10  Roach  
  96  7:15  Roach x2  
  100  7:17  Roach  
  100  7:19  Roach  
  104  7:27  Roach  
  106  7:32  Roach x2  
  106  7:34  Drone  
  111  7:38  Roach  
  111  7:39  Roach  
  115  7:50  Overlord x3  
  114  7:52  Roach  
  114  7:56  Overlord  
  114  7:57  Roach  
  109  8:00  Roach  
  109  8:03  Roach  
  109  8:04  Roach  
  109  8:11  Roach x2  
  109  8:12  Roach  
  89  8:24  Roach x2  
Tags
 
Add a new tag
Caveats
  • Supply blocks, unpowered buildings, or Contaminate may cause inaccurate times.
  • Supply counts are checked every 10 seconds.